 Dungeon Crawl Stone Soup version 0.30.0-17-ge0270778cf (webtiles) character file.

Game seed: 6047769211670795422

12373 juan097 the Cleaver (level 11, -3/94 HPs)
             Began as a Minotaur Fighter on May 21, 2023.
             Was a Priest of Ru.
             Slain by a shadow (23 damage)
             ... on level 10 of the Dungeon.
             The game lasted 00:17:38 (9032 turns).

juan097 the Cleaver (Minotaur Fighter)              Turns: 9032, Time: 00:17:38

Health: -3/94      AC: 16    Str: 30    XL:     11   Next: 61%
Magic:  0/10       EV: 12    Int:  5    God:    Ru [***...]
Gold:   384        SH:  0    Dex: 11    Spells: 10/10 levels left

rFire   . . .        a - +4 battleaxe (heavy)
rCold   . . .        (shield currently unavailable)
rNeg    . . .        e - +0 scale mail
rPois   .            (helmet restricted)
rElec   .            C - +0 cloak
rCorr   .            o - +0 pair of gloves
SInv    .            V - +0 pair of boots
Will    .....        w - amulet of guardian spirit Stlth
                     L - +6 ring of strength
HPRegen 0.35/turn    l - +4 ring of protection
MPRegen 0.12/turn

%: guardian spirit
@: no status effects
A: horns 2, hated by all, unskilled 1, retaliatory headbutt
a: Renounce Religion, Draw Out Power


You were on level 10 of the Dungeon.
You worshipped Ru.
Ru was most pleased with you.
You visited 2 branches of the dungeon, and saw 11 of its levels.

You collected 583 gold pieces.
You spent 199 gold pieces at shops.

Inventory:

Hand Weapons
 a - a +4 heavy battleaxe (weapon)
 b - a +7 dagger of venom
 v - a +0 war axe
 O - a +1 sling of flaming
Missiles
 n - 38 poisoned darts (quivered)
 p - 4 javelins
 x - a boomerang
 I - 3 curare-tipped darts
 S - a boomerang of dispersal
Armour
 c - a +0 buckler
 e - a +0 scale mail (worn)
 o - a +0 pair of gloves (worn)
 C - a +0 cloak (worn)
 V - a +0 pair of boots (worn)
Jewellery
 l - a +4 ring of protection (right hand)
 m - a ring of resist corrosion
 w - an amulet of guardian spirit (around neck)
 L - a +6 ring of strength (left hand)
Wands
 G - a wand of mindburst (9)
 J - a wand of charming (13)
 P - a wand of iceblast (4)
 R - a wand of flame (10)
 U - a wand of digging (1)
Scrolls
 h - a scroll of vulnerability
 i - 2 scrolls of amnesia
 k - 2 scrolls of immolation
 s - a scroll of enchant armour
 y - 3 scrolls of poison
 z - 4 scrolls of noise
 A - 3 scrolls of brand weapon
 D - a scroll of fog
 E - 3 scrolls of magic mapping {unknown}
 K - 3 scrolls of teleportation {unknown}
 N - 2 scrolls of butterflies {unknown}
 Q - a scroll of fear {unknown}
 W - a scroll of enchant weapon {unknown}
Potions
 d - 4 potions of might
 f - 6 potions of degeneration {unknown}
 g - 4 potions of lignification
 j - 3 potions of mutation
 q - a potion of attraction {unknown}
 r - 8 potions of curing
 t - 3 potions of berserk rage {unknown}
 u - 2 potions of flight {unknown}
 B - a potion of resistance
 F - 2 potions of magic {unknown}
 H - a potion of brilliance {unknown}
 M - a potion of heal wounds
 T - 2 potions of haste {unknown}
Miscellaneous
 X - a tin of tremorstones (inert)


   Skills:
 + Level 8.3 Fighting
 - Level 4.0 Short Blades
 + Level 13.3 Axes
 - Level 3.6 Throwing
 + Level 8.3 Armour
 - Level 5.0 Dodging
 - Level 5.4 Shields
 + Level 4.5 Evocations


You had 10 spell levels left.
You didn't know any spells.
Your spell library contained the following spells:

 Spells                   Type           Power      Damage    Failure   Level
 Beastly Appendage        Tmut           0%         N/A       69%         1
 Kiss of Death            Conj/Necr      0%         2d5       69%         1
 Sandblast                Erth           0%         2d4       69%         1
 Ensorcelled Hibernation  Hex/Ice        0%         N/A       83%         2
 Passwall                 Tmut/Erth      0%         N/A       83%         2
 Scorch                   Fire           0%         2d5       83%         2
 Wereblood                Tmut           0%         N/A       83%         2
 Confusing Touch          Hex            0%         N/A       96%         3
 Ozocubu's Armour         Ice            0%         N/A       96%         3
 Spider Form              Tmut/Pois      0%         N/A       96%         3
 Stone Arrow              Conj/Erth      0%         3d7       96%         3
 Swiftness                Air            0%         N/A       96%         3
 Dispel Undead            Necr           0%         3d6       100%        4
 Flame Wave               Conj/Fire      0%         2d4       100%        4
 Leda's Liquefaction      Hex/Erth       0%         N/A       100%        4
 Lee's Rapid Deconstruct  Erth           0%         3d4*      100%        5
 Eringya's Noxious Bog    Tmut/Pois      0%         N/A       100%        6
 Statue Form              Tmut/Erth      0%         N/A       100%        6
 Ozocubu's Refrigeration  Ice            0%         4d7       100%        7
 Summon Forest            Summ/Tloc      Unusable   N/A       N/A         5
 Summon Cactus Giant      Summ           Unusable   N/A       N/A         6
 Summon Hydra             Summ           Unusable   N/A       N/A         7

Dungeon Overview and Level Annotations

Branches:
Dungeon (10/15)            Temple (1/1) D:5
   Lair: D:8-11         Orc: D:9-12

Altars:
Ashenzari
Cheibriados
Dithmenos
Elyvilon
Gozag
Kikubaaqudgha
Makhleb
Nemelex Xobeh
Okawaru
Qazlal
Ru
Sif Muna
Trog
Uskayaw
Vehumet
Wu Jian
Xom
Zin
The Shining One

Shops:
D:2 [   D:4 *   D:9 *


Innate Abilities, Weirdness & Mutations

You have a pair of horns on your head.
You are hated by all.
You are somewhat unskilled. (-1 Apt)
You reflexively headbutt those who attack you in melee.


Message History

The tin is emptied!
A goblin skeleton comes into view.
The orc zombie barely misses you. The yak barely misses you. x2
You slice the yak like a ripe choko!!!
You kill the yak!
You hit the ogre zombie. You slice the orc zombie!!
You destroy the orc zombie!
You carve the yak like a ham!!!
You kill the yak!
The ogre zombie closely misses you.
An orc zombie comes into view.
The orc zombie moves out of view.
Your life force feels restored.
A phantom comes into view.
You slash the ogre zombie!
You destroy the ogre zombie!
Things that are here:
a +0 giant club; a +0 giant spiked club You feel less exhausted.
A howler monkey comes into view.
The shadow slips into darkness.
The shadow flickers and vanishes!
Deactivating autopickup; reactivate with Ctrl-A.
The howler monkey hoots and howls with incredible vigour!
The howler monkey hoots and howls with incredible vigour!
You hear a shout!
The howler monkey hoots and howls with incredible vigour!
You redirect something's attack!
The shadow strikes at you from the darkness!
* * * LOW HITPOINT WARNING * * *
Reactivating autopickup.
You barely miss the shadow.
You redirect the howler monkey's attack!
The shadow slips into darkness.
The shadow flickers and vanishes!
Deactivating autopickup; reactivate with Ctrl-A.
You closely miss something. You slice the howler monkey!!
You kill the howler monkey!
The shadow strikes at you from the darkness!
You die...

### ###.## #....#### ##.......###
####...#......###
#.....##.......)## ###
##.{@.......##....###
#.####.......##..#.###..## #
##......W.....#.......#...# ..
#..............#........... ...
#.....Z..)....##........##. ....
##...)...................##.
.....#....ZZ...................#.
>......#.Z#....####...........##.
....###...#.....# .#. ........##


You could see a phantom, a hobgoblin zombie, an ogre zombie and 2 goblin
skeletons.

Vanquished Creatures
  Erolcha (D:9)
  4 two-headed ogres
  Nergalle (D:10)
  A flayed ghost (D:9)
  Pikel (D:6)
  Maurice (D:9)
  A gargoyle (D:10)
  A troll (D:9)
  Prince Ribbit (D:5)
  4 slime creatures (D:9)
  A wyvern (D:9)
  A shadow (D:9)
  4 wraiths (D:9)
  9 yaks
  7 fire bats (D:9)
  2 water moccasins
  2 orc warriors
  2 sky beasts
  An ice beast (D:5)
  A black bear (D:8)
  An ogre (D:5)
  3 centaurs (D:9)
  A phantom (D:10)
  2 kobold brigands
  3 bullfrogs
  A gnoll sergeant (D:8)
  4 scorpions
  7 wights
  6 killer bees (D:9)
  A howler monkey (D:10)
  A hound (D:5)
  A jelly (D:8)
  2 gnoll boudas
  2 iguanas
  Ijyb (D:5)
  Jessica (D:2)
  3 orc wizards (D:8)
  4 ogre zombies (D:10)
  Robin (D:3)
  24 gnolls
  7 adders
  2 white imps
  2 ufetubi
  A worm (D:5)
  30 orcs
  45 bats
  7 endoplasms
  2 giant cockroaches
  6 hobgoblins
  3 jackals (D:3)
  16 kobolds
  3 quokkas
  A ball python (D:2)
  3 frilled lizards
  16 goblins
  A goblin skeleton (D:10)
  2 goblin zombies (D:10)
  A hobgoblin skeleton (D:10)
  An orc skeleton (D:10)
  7 orc zombies (D:10)
  6 rats
277 creatures vanquished.

Notes
Turn   | Place    | Note
-------+----------+-------------------------------------------
     0 | D:1      | juan097 the Minotaur Fighter began the quest for the Orb.
     0 | D:1      | Reached XP level 1. HP: 19/19 MP: 0/0
    53 | D:1      | Reached XP level 2. HP: 27/27 MP: 1/1
   580 | D:2      | Reached skill level 3 in Axes
   580 | D:2      | Reached XP level 3. HP: 25/33 MP: 2/2
   684 | D:2      | Found Zueschoips's Antique Armour Shop.
   909 | D:2      | Noticed Jessica
   913 | D:2      | Killed Jessica
   914 | D:2      | Reached skill level 1 in Dodging
   914 | D:2      | Reached XP level 4. HP: 13/40 MP: 3/3
  1129 | D:2      | Found a faded altar of an unknown god.
  1345 | D:3      | Found a blossoming altar of Fedhas.
  1495 | D:3      | Noticed Robin
  1501 | D:3      | Killed Robin
  1647 | D:3      | Reached XP level 5. HP: 43/46 MP: 4/4
  1712 | D:3      | Reached skill level 4 in Axes
  1880 | D:3      | Found a shimmering blue altar of Sif Muna.
  2416 | D:4      | Reached skill level 5 in Shields
  2725 | D:4      | Found Boolu's Gadget Gallery.
  2732 | D:4      | Reached skill level 5 in Armour
  2735 | D:4      | Reached XP level 6. HP: 47/53 MP: 5/5
  2959 | D:5      | Entered Level 5 of the Dungeon
  2988 | D:5      | Found an ancient bone altar of Kikubaaqudgha.
  3014 | D:5      | Noticed Ijyb
  3021 | D:5      | Killed Ijyb
  3129 | D:5      | Noticed an ice beast
  3133 | D:5      | Killed an ice beast
  3195 | D:5      | Reached skill level 5 in Axes
  3195 | D:5      | Reached skill level 1 in Throwing
  3195 | D:5      | Reached XP level 7. HP: 31/60 MP: 4/6
  3542 | D:5      | Reached skill level 5 in Fighting
  3602 | D:5      | Found a staircase to the Ecumenical Temple.
  3633 | Temple   | Entered the Ecumenical Temple
  3702 | Temple   | Became a worshipper of Ru the Awakened
  3778 | D:5      | Noticed Prince Ribbit
  3792 | D:5      | Killed Prince Ribbit
  3793 | D:5      | Reached skill level 6 in Axes
  3983 | D:6      | Found a white marble altar of Elyvilon.
  4028 | D:6      | Reached XP level 8. HP: 61/69 MP: 7/7
  4075 | D:6      | Reached skill level 7 in Axes
  4289 | D:6      | Noticed Pikel
  4300 | D:6      | Killed Pikel
  4301 | D:6      | Reached skill level 8 in Axes
  4425 | D:6      | Found a hide-covered altar of Uskayaw.
  4439 | D:6      | Found an ornate altar of the Wu Jian Council.
  4442 | D:6      | Found a broken altar of Ashenzari.
  4445 | D:6      | Found a shimmering altar of Xom.
  4478 | D:6      | Reached skill level 9 in Axes
  4598 | D:6      | Reached skill level 1 in Short Blades
  5243 | D:6      | Reached XP level 9. HP: 68/75 MP: 6/8
  5268 | D:7      | Gained mutation: You are somewhat unskilled. (-1 Apt) [Ru
                  | sacrifice]
  5268 | D:7      | Reduced skill Fighting to level 5
  5268 | D:7      | Reduced skill Armour to level 5
  5268 | D:7      | Reduced skill Shields to level 5
  5268 | D:7      | Reached * piety under Ru
  5612 | D:7      | Found a sparkling altar of Nemelex Xobeh.
  5848 | D:8      | Reached skill level 10 in Axes
  6084 | D:8      | Found a bloodstained altar of Trog.
  6298 | D:8      | Noticed a two-headed ogre
  6307 | D:8      | Killed a two-headed ogre
  6308 | D:8      | Reached skill level 11 in Axes
  6458 | D:8      | Found a glowing silver altar of Zin.
  6631 | D:8      | Found an opulent altar of Gozag.
  6773 | D:9      | Noticed Erolcha
  6779 | D:9      | Reached skill level 12 in Axes
  6779 | D:9      | Reached XP level 10. HP: 28/81 MP: 1/9
  7203 | D:9      | Reached skill level 1 in Evocations
  7243 | D:9      | Found Biasi's Assorted Antiques.
  7326 | D:9      | Bought a scroll labelled BUALIO SAWE for 21 gold pieces
  7326 | D:9      | Bought a runed sling for 94 gold pieces
  7326 | D:9      | Bought a potion of might for 84 gold pieces
  7461 | D:9      | Gained mutation: You are hated by all. [Ru sacrifice]
  7461 | D:9      | Reached ** piety under Ru
  7461 | D:9      | Reached *** piety under Ru
  7628 | D:9      | Noticed Maurice
  7659 | D:9      | Killed Maurice
  7737 | D:9      | Noticed a two-headed ogre
  7741 | D:9      | Killed a two-headed ogre
  7787 | D:9      | Killed Erolcha
  7801 | D:9      | Reached XP level 11. HP: 92/92 MP: 10/10
  8045 | D:9      | Found a runed translucent door.
  8064 | D:9      | Reached skill level 5 in Dodging
  8244 | D:9      | Found a snail-covered altar of Cheibriados.
  8253 | D:9      | Found an ornate altar of the Wu Jian Council.
  8253 | D:9      | Found a white marble altar of Elyvilon.
  8296 | D:9      | Noticed a flayed ghost
  8296 | D:9      | Found the +12 pair of quick blades "Gyre" and "Gimble"
                  | {protect}
  8326 | D:9      | Found a white marble altar of Elyvilon.
  8360 | D:9      | Found an ornate altar of the Wu Jian Council.
  8403 | D:9      | Killed a flayed ghost
  8636 | D:10     | Entered Level 10 of the Dungeon
  8638 | D:10     | Identified the +6 dagger of Uskayaw's Anger {flame, rF++}
  8647 | D:10     | Noticed Nergalle
  8664 | D:10     | Killed Nergalle
  8665 | D:10     | Reached skill level 13 in Axes
  8987 | D:10     | Noticed a two-headed ogre
  8994 | D:10     | Killed a two-headed ogre
  8995 | D:10     | Noticed a two-headed ogre
  9007 | D:10     | Killed a two-headed ogre
  9032 | D:10     | Slain by a shadow

Illustrated notes

Levels and vault maps discovered:
D:1:      nzn_arrival_depleted_hourglass, layout_rooms, grunt_decor_junction
D:2:      wad_pebble_path, layout_basic, serial_shops, shop,
          basic_ecumenical_altar, uniq_jessica
D:3:      layout_basic, mainiacjoe_overflow_small_starburst, led_sif_pool,
          uniq_robin
D:4:      layout_loops_ring, nicolae_shop_gadgets
D:5:      layout_rooms, lemuel_round_altar, minmay_temple_entry_statues_pillars,
          minmay_starry_boxes, uniq_ijyb, uniq_prince_ribbit1
D:6:      layout_basic, elyvilon_altar_3, grunt_temple_overflow_cloverleaf,
          uniq_pikel
D:7:      layout_cave_pools, nemelex_xobeh_ov_fountains_minmay
D:8:      layout_basic, pdpol_temple_overflow_zin_treasury_gozag_greed,
          bloody_trog, hellmonk_bongcloud_opening
D:9:      due_megacathedral, layout_irregular_city, serial_shops,
          nicolae_shop_hallway_plus, nicolae_eternal_life,
          minmay_misc_feat_ornament, dk_vineyard_2, nrook_mini_vaults,
          uniq_maurice, uniq_erolcha
D:10:     hellmonk_ruined_rings, layout_cave_pools, zombieorc2_lemuel,
          minmay_misc_feat_room, uniq_nergalle
Temple:   cyrus_temple_forest

Skill      XL: |  1  2  3  4  5  6  7  8  9 10 11 |
---------------+----------------------------------+-----
Armour         | 4 5 6 5 7 8 |  8.3
Shields        | 4 5 6 5 |  5.4
Axes           | 3 4 5 6 9 12 13 | 13.3
Fighting       | 4 5 6 5 7 8 |  8.3
Dodging        | 1 2 3 2 4 5 |  5.0
Throwing       | 1 2 4 3 |  3.6
Short Blades   | 1 4 |  4.0
Evocations     | 3 4 |  4.5

Action                     |  1- 3 |  4- 6 |  7- 9 | 10-12 || total
---------------------------+-------+-------+-------+-------++-------
  Melee: War axe           |    49 |     1 |    46 |       ||    96
         Headbutt          |     9 |    13 |    34 |    17 ||    73
         Dagger            |       |   136 |    67 |    27 ||   230
         Battleaxe         |       |       |    85 |   130 ||   215
  Throw: Dart              |       |       |     8 |     4 ||    12
 Invoke: Sacrifice Skill   |       |       |     1 |       ||     1
         Sacrifice Love    |       |       |       |     1 ||     1
         Draw Out Power    |       |       |       |     1 ||     1
  Evoke: Wand              |       |     2 |       |     5 ||     7
         Tin of tremorston |       |       |       |     2 ||     2
    Use: Potion            |       |     1 |     1 |     2 ||     4
         Scroll            |       |       |    10 |     4 ||    14
   Stab: Distracted        |       |       |       |     2 ||     2
 Armour: Scale mail        |    28 |    66 |    92 |   109 ||   295
  Dodge: Dodged            |    25 |    47 |   102 |   132 ||   306
  Block: Buckler           |    14 |    21 |    28 |       ||    63
